 Dungeon Crawl Stone Soup version 0.21-a0-278-ga722497 (webtiles) character file.

240 tidbits the Insei (level 5, -4/39 HPs)
             Began as a Demigod Transmuter on Sept 21, 2017.
             Slain by an orc warrior
             ... wielding a +0 scimitar
              (12 damage)
             ... on level 4 of the Dungeon.
             The game lasted 00:10:50 (1419 turns).

tidbits the Insei (Demigod Transmuter)              Turns: 1419, Time: 00:10:51

Health: -4/39      AC:  2    Str: 13    XL:     5   Next: 50%
Magic:  11/19      EV: 19    Int: 19    God:
Gold:   205        SH:  0    Dex: 21    Spells: 2/8 levels left

rFire    . . .     SeeInvis .     - Unarmed
rCold    . . .     Gourm    .   (shield currently unavailable)
rNeg     . . .     Faith    .   (armour currently unavailable)
rPois    x         Spirit   .   (helmet currently unavailable)
rElec    .         Reflect  .   (cloak currently unavailable)
rCorr    +         Harm     .   (gloves currently unavailable)
MR       .....                  (boots currently unavailable)
Stlth    ++........             R - amulet of regeneration
HPRegen  0.53/turn              K - ring of resist corrosion
MPRegen  0.16/turn              n - ring of magical power

@: spider-form (expiring)
A: high mp 1
a: End Transformation


You were on level 4 of the Dungeon.
You were hungry.
You were a venomous arachnid creature.
You visited 1 branch of the dungeon, and saw 4 of its levels.

You collected 205 gold pieces.

Inventory:

Hand Weapons
 b - a +0 hunting sling
 m - a +2 dagger of flaming
   (You took it off a kobold on level 2 of the Dungeon)
Missiles
 a - 46 arrows
 e - 86 stones (quivered)
 g - 24 bolts
 s - 7 javelins
Armour
 j - a +0 shield
 B - a +0 robe (melded)
 E - a +0 helmet (melded)
Jewellery
 n - a ring of magical power (right front leg)
   (You found it on level 2 of the Dungeon)
 K - a ring of resist corrosion (left front leg)
   (You found it on level 1 of the Dungeon)
 R - an amulet of regeneration (around neck)
   (You took it off a hobgoblin on level 2 of the Dungeon)
Wands
 f - a wand of flame (26/48)
Scrolls
 h - 2 scrolls of teleportation {unknown}
 o - a scroll of immolation {unknown}
 r - a scroll of remove curse
 t - a scroll of recharging {unknown}
 v - a scroll of amnesia {unknown}
Potions
 i - a potion of brilliance {unknown}
 k - a potion of invisibility
 l - a potion of cancellation {unknown}
 p - a potion of mutation {unknown}
 q - a potion of might {unknown}
Books
 c - a book of Changes

   Spells                             Type                      Level
   a - Beastly Appendage              Transmutation                1
   b - Sticks to Snakes               Transmutation                2
   c - Spider Form                    Transmutation/Poison         3
   d - Ice Form                       Ice/Transmutation            4
   e - Blade Hands                    Transmutation                5
Comestibles
 d - 3 bread rations
 u - 2 fruits
 w - a meat ration


   Skills:
 - Level 0.8 Fighting
 - Level 1.7 Dodging
 + Level 4.6 Unarmed Combat
 - Level 2.0 Spellcasting
 + Level 3.9 Transmutations


You had 2 spell levels left.
You knew the following spells:

 Your Spells              Type           Power        Failure   Level  Hunger
e - Beastly Appendage     Tmut           ###...       11%         1    #......
k - Sticks to Snakes      Tmut           ###.....     14%         2    ###....
p - Spider Form           Tmut/Pois      #.........   43%         3    ###....


Dungeon Overview and Level Annotations

Branches:
Dungeon (4/15)
 Temple: D:4-7

Shops:
D:4 [

Annotations:
D:4 vishdafish's ghost, amateur DsFi


Innate Abilities, Weirdness & Mutations

You have an increased reservoir of magic. (+10% MP)


Message History

Your ball python bites the orc.
Your ball python misses the orc.
The orc hits your ball python with a war axe!
Your ball python dies!
There is a stone staircase leading up here.
Casting: Spider Form
Confirm with . or Enter, or press ? or * to list all spells.
You create a snake!
You now have 47 arrows.
Casting: Sticks to Snakes
Confirm with . or Enter, or press ? or * to list all spells.
You turn into a venomous arachnid creature.
Your +0 helmet melds into your body.
Your +0 robe melds into your body.
You are feeling hungry.
You swap places.
The orc closely misses you.
You hit the orc but do no damage.
Your ball python barely misses the orc.
Your ball python grabs the orc.
Your ball python constricts the orc.
The orc misses you.
You hit the orc.
The orc is poisoned.
The orc is almost dead.
Your transformation is almost over.
Your ball python bites the orc but does no damage.
Your ball python constricts the orc.
The orc closely misses you.
You hit the orc but do no damage.
The orc is almost dead.
Your ball python bites the orc.
The orc dies!
The orc warrior throws a tomahawk.
The tomahawk completely misses you.
The orc warrior throws a tomahawk.
The tomahawk closely misses you.
The orc hits your ball python with a war axe.
Your ball python misses the orc warrior.
Your ball python grabs the orc warrior.
Your ball python constricts the orc warrior.
The orc warrior closely misses you.
Your ball python bites the orc warrior.
Your ball python constricts the orc warrior.
The orc barely misses your ball python.
You hit the orc warrior.
The orc warrior is poisoned.
The orc warrior is lightly wounded.
The orc warrior hits you with a scimitar!
Your ball python completely misses the orc warrior.
Your ball python constricts the orc warrior.
You hit the orc warrior but do no damage.
The orc warrior looks even sicker.
The orc warrior is lightly wounded.
The orc hits your ball python with a war axe!
Your ball python dies!
You hit the orc warrior but do no damage.
The orc warrior looks as sick as possible!
The orc warrior is lightly wounded.
The orc warrior misses you.
Casting: Spider Form
Confirm with . or Enter, or press ? or * to list all spells.
You create a snake!
You now have 46 arrows.
The orc warrior closely misses you. The orc barely misses you.
The orc warrior throws a tomahawk.
The tomahawk completely misses you. The tomahawk misses your adder.
You barely miss the orc.
The orc is lightly wounded.
Your adder closely misses the orc.
The orc warrior throws a tomahawk.
The tomahawk completely misses you. The orc barely misses you.
The orc closely misses your adder.
You bite the orc!
You kill the orc!
Your transformation has ended.
Your +0 helmet unmelds from your body.
Your +0 robe unmelds from your body.
Casting: Sticks to Snakes
Confirm with . or Enter, or press ? or * to list all spells.
You turn into a venomous arachnid creature.
Your +0 helmet melds into your body.
Your +0 robe melds into your body.
Your adder bites the orc warrior but does no damage.
The orc warrior completely misses you.
You hit the orc warrior but do no damage.
The orc warrior looks as sick as possible!
The orc warrior is heavily wounded.
Your adder closely misses the orc warrior.
The orc warrior hits you with a scimitar!
* * * LOW HITPOINT WARNING * * *
Your adder closely misses the orc warrior.
You closely miss the orc warrior.
The orc warrior is heavily wounded.
Your adder bites the orc warrior but does no damage.
You hit the orc warrior but do no damage.
The orc warrior is heavily wounded.
The orc warrior barely misses you.
Your adder misses the orc warrior.
You hit the orc warrior but do no damage.
The orc warrior looks as sick as possible!
The orc warrior is heavily wounded.
Your adder closely misses the orc warrior.
The orc warrior completely misses you.
You hit the orc warrior.
The orc warrior is severely wounded.
Your adder bites the orc warrior but does no damage.
The orc warrior hits you with a scimitar!
* * * LOW HITPOINT WARNING * * *
You hit the orc warrior.
The orc warrior is almost dead.
Your transformation is almost over.
Your adder bites the orc warrior but does no damage.
Your adder bites the orc warrior.
The orc warrior hits you with a scimitar!
You die...

..............[..)............#
.......o......................#
.......)..........<..#....>..#
.......(..#..............##..#
..##....(..#########.##......#..
#######....## ###.###..>.....
####..###...##.........
###[o#..##........#..
#<..Ss.###....###....
#....((........a...#.
#...#####.[....#..... #...#
##.....# .. . ##### #####.# .
... ##.. ... ..


You could see an orc warrior and a friendly adder.

Vanquished Creatures
  A gnoll sergeant (D:3)
  Terence (D:3)
  An orc wizard (D:3)
  A worker ant (D:4)
  4 gnolls (D:3)
  A worm (D:3)
  A dart slug (D:1)
  A leopard gecko (D:3)
  9 orcs
  10 bats
  2 giant cockroaches (D:2)
  3 goblins
  5 hobgoblins
  7 kobolds
  A frilled lizard (D:2)
  6 rats
54 creatures vanquished.

Vanquished Creatures (collateral kills)
  An adder (D:2)
  An orc (D:4)
  A hobgoblin (D:3)
  A bat (D:3)
4 creatures vanquished.

Grand Total: 58 creatures vanquished

Notes
Turn   | Place    | Note
-------+----------+-------------------------------------------
     0 | D:1      | tidbits the Demigod Transmuter began the quest for the Orb.
     0 | D:1      | Reached XP level 1. HP: 15/15 MP: 5/5
   234 | D:1      | Reached skill level 3 in Unarmed Combat
   269 | D:2      | Reached skill level 2 in Transmutations
   312 | D:2      | Reached XP level 2. HP: 13/22 MP: 7/7
   316 | D:2      | Learned a level 2 spell: Sticks to Snakes
   351 | D:2      | Reached skill level 2 in Spellcasting
   642 | D:2      | Reached XP level 3. HP: 14/27 MP: 8/8
   647 | D:2      | Learned a level 3 spell: Spider Form
   808 | D:4      | Noticed vishdafish's ghost (amateur DsFi)
   885 | D:3      | Found a snail-covered altar of Cheibriados.
  1025 | D:3      | Reached XP level 4. HP: 23/34 MP: 9/9
  1039 | D:3      | Reached skill level 3 in Transmutations
  1066 | D:3      | Noticed Terence
  1081 | D:3      | Killed Terence
  1099 | D:3      | Noticed a gnoll sergeant
  1103 | D:3      | Reached skill level 4 in Unarmed Combat
  1149 | D:3      | Killed a gnoll sergeant
  1149 | D:3      | Reached XP level 5. HP: 18/39 MP: 4/10
  1366 | D:4      | Found Itautroe's Armour Emporium.
  1383 | D:4      | Noticed an orc warrior
  1419 | D:4      | Slain by an orc warrior

Vault maps used:
D:1:      dpeg_arrival_rooms_b
D:2:      kennysheep_generic_room_13
D:3:      cheibriados_altar_1, first_bread, uniq_terence
D:4:      cheibrodos_old_hovel, nicolae_ru_great_annihilating_truth,
          minmay_temple_entry_glassed_door, serial_shops, shop,
          nicolae_shop_window_shopping, shop, nicolae_shop_stone, shop

Skill      XL: |  1  2  3  4 |
---------------+-------------+-----
Unarmed Combat | 3 4 |  4.6
Transmutations | 2 3 |  3.9
Spellcasting   | 2 |  2.0
Fighting       | |  0.8
Dodging        | |  1.7

Action                   |  1- 3 |  4- 6 || total
-------------------------+-------+-------++-------
Melee: Unarmed           |   115 |    62 ||   177
       Kick              |     9 |       ||     9
       Headbutt          |     3 |       ||     3
 Fire: Hunting sling     |     9 |       ||     9
Throw: Stone             |     4 |     1 ||     5
 Cast: Beastly Appendage |    16 |       ||    16
       Sticks to Snakes  |     7 |     6 ||    13
       Spider Form       |    10 |     8 ||    18
  Use: Scroll            |     2 |     1 ||     3
       Potion            |     1 |       ||     1
 Stab: Sleeping          |     2 |     1 ||     3
       Distracted        |     2 |       ||     2
  Eat: Bread ration      |     1 |       ||     1
       Chunk             |     1 |       ||     1
Armor: Robe              |    15 |     2 ||    17
       Skin              |     4 |     1 ||     5
Dodge: Dodged            |    89 |    65 ||   154

Table legend:
 A = Spawn XP
 B = Non-spawn XP
 C = Spawn XP percentage of total XP
 D = Spawn monster count
 E = Non-spawn monster count
 F = Spawn count percentage of total count
 G = Total turns spent on level
                    A         B        C        D         E        F      G
               +---------+---------+-------+---------+---------+-------+---------
         Total |       0 |     344 |   0.0 |       0 |      58 |   0.0 |  1419
               +---------+---------+-------+---------+---------+-------+---------
           D:1 |       0 |      10 |   0.0 |       0 |       5 |   0.0 |   261
           D:2 |       0 |      43 |   0.0 |       0 |      24 |   0.0 |   526
           D:3 |       0 |     249 |   0.0 |       0 |      25 |   0.0 |   512
           D:4 |       0 |      42 |   0.0 |       0 |       4 |   0.0 |   120
               +---------+---------+-------+---------+---------+-------+---------

Table legend:
 A = Turns spent in this place as a percentage of turns spent in the entire game.
 B = Non-inter-level travel turns spent in this place as a percentage of non-inter-level travel turns spent in the entire game.
 C = Inter-level travel turns spent in this place as a percentage of turns spent in this place.
 D = Turns resting spent in this place as a percentage of non-inter-level travel turns spent in this place.
 E = Turns spent auto-exploring this place as a percentage of non-inter-level travel turns spent in this place.
 F = Non-inter-level travel turns spent in this place divided by the number of levels of this place that you've seen.
                   A       B       C       D       E      F
               +-------+-------+-------+-------+-------+----------------------
         Total | 100.0 | 100.0 |   1.1 |   0.0 |   0.0 | 350.8
       Dungeon | 100.0 | 100.0 |   1.1 |   0.0 |   0.0 | 350.8
               +-------+-------+-------+-------+-------+----------------------

Table legend:
 A = Kills in this place as a percentage of kills in entire the game.
 B = Kills by you in this place as a percentage of kills by you in the entire game.
 C = Kills by friends in this place as a percentage of kills by friends in the entire game.
 D = Other kills in this place as a percentage of other kills in the entire game.
 E = Experience gained in this place as a percentage of experience gained in the entire game.
 F = Experience gained in this place divided by the number of levels of this place that you have seen.
                   A       B       C       D       E      F
               +-------+-------+-------+-------+-------+----------------------
         Total | 100.0 | 100.0 | 100.0 |   N/A | 100.0 |  86.0
       Dungeon | 100.0 | 100.0 | 100.0 |   N/A | 100.0 |  86.0
               +-------+-------+-------+-------+-------+----------------------

Vault maps used:
D:1:      dpeg_arrival_rooms_b
D:2:      kennysheep_generic_room_13
D:3:      cheibriados_altar_1, first_bread, uniq_terence
D:4:      cheibrodos_old_hovel, nicolae_ru_great_annihilating_truth,
          minmay_temple_entry_glassed_door, serial_shops, shop,
          nicolae_shop_window_shopping, shop, nicolae_shop_stone, shop
